 Dungeon Crawl Stone Soup version 0.30.0-10-gfe55d96785 (webtiles) character file.

Game seed: 17390809630304284112

30 coolio the Magician (level 3, -3/19 HPs)
             Began as a Deep Elf Hedge Wizard on May 15, 2023.
             Killed by nerve-wracking pain
             ... invoked by an orc priest
              (9 damage)
             ... on level 3 of the Dungeon.
             The game lasted 00:02:02 (1940 turns).

coolio the Magician (Deep Elf Hedge Wizard)         Turns: 1940, Time: 00:02:05

Health: -3/19      AC:  3    Str:  9    XL:     3   Next: 5%
Magic:  7/11       EV: 12    Int: 18    God:
Gold:   103        SH:  0    Dex: 14    Spells: 8/11 levels left

rFire   . . .        q - +1 short sword (elec)
rCold   . . .        (no shield)
rNeg    . . .        b - +0 robe
rPois   .            c - +0 hat
rElec   .            (no cloak)
rCorr   .            p - +0 pair of gloves
SInv    .            (no boots)
Will    .....        (no amulet)
Stlth   ++           (no ring)
HPRegen 0.23/turn    (no ring)
MPRegen 0.12/turn

%: no passive effects
@: no status effects
A: no striking features
a: no special abilities


You were on level 3 of the Dungeon.
You visited 1 branch of the dungeon, and saw 3 of its levels.

You collected 103 gold pieces.

Inventory:

Hand Weapons
 q - a +1 short sword of electrocution (weapon)
Armour
 b - a +0 robe (worn)
 c - a +0 hat (worn)
 p - a +0 pair of gloves (worn)
Jewellery
 k - an amulet of faith
Wands
 i - a wand of quicksilver (3)
Scrolls
 e - 2 scrolls of identify {unknown}
 f - 3 scrolls of teleportation {unknown}
 l - a scroll of magic mapping {unknown}
 m - a scroll of fear {unknown}
 n - a scroll of brand weapon {unknown}
 o - a scroll of poison {unknown}
 s - a scroll of enchant armour {unknown}
Potions
 a - a potion of degeneration {unknown}
 d - a potion of magic
 g - a potion of invisibility {unknown}
 h - 2 potions of curing {unknown}
 j - 2 potions of brilliance {unknown}
 r - a potion of heal wounds {unknown}


   Skills:
 + Level 2.8 Dodging
 - Level 2.4 Stealth
 + Level 4.6 Spellcasting
 * Level 2.1 Conjurations
 - Level 1.1 Summonings
 * Level 2.0 Translocations


You had 8 spell levels left.
You knew the following spells:

 Your Spells              Type           Power      Damage    Failure   Level
a - Magic Dart            Conj           48%        1d5       5%          1
b - Blink                 Tloc           22%        N/A       9%          2

Your spell library contained the following spells:

 Spells                   Type           Power      Damage    Failure   Level
 Call Imp                 Summ           16%        N/A       13%         2
 Slow                     Hex            16%        N/A       14%         1
 Cigotuvi's Dreadful Rot  Necr/Pois/Air  8%         N/A       21%         2
 Portal Projectile        Hex/Tloc       14%        N/A       26%         3
 Stone Arrow              Conj/Erth      16%        3d8       26%         3
 Mephitic Cloud           Conj/Pois/Air  6%         N/A       30%         3
 Tukima's Dance           Hex            4%         N/A       38%         3
 Animate Armour           Summ/Erth      12%        N/A       73%         4
 Blade Hands              Tmut           2%         N/A       98%         5
 Lehudib's Crystal Spear  Conj/Erth      4%         10d3      100%        8


Dungeon Overview and Level Annotations

Branches:
Dungeon (3/15)

Altars:


Message History

You kill the kobold!
You can't see any susceptible monsters within range! (Use Z to cast anyway.)
s - a scroll labelled FAZAFI ESUIZUMM
Found a stone staircase leading up.
Found 2 stones.
Found an escape hatch in the ceiling.
There is an escape hatch in the ceiling here.
A kobold comes into view. It is wielding a +0 short sword.
Found a scroll labelled POIGOE EFAGU.
A kobold is nearby!
A kobold is nearby!
The magic dart hits the kobold.
The kobold is moderately wounded.
The kobold shouts!
You hear a shout!
You hear an angry hiss.
You hear a shout!
The magic dart hits the kobold.
The kobold is heavily wounded.
The kobold throws a stone.
The stone hits you but does no damage.
The magic dart hits the kobold.
You kill the kobold!
You can't see any susceptible monsters within range! (Use Z to cast anyway.)
An orc priest comes into view. It is wielding a +0 short sword.
An orc priest is nearby!
An orc priest is nearby!
The magic dart hits the orc priest.
The orc priest is lightly wounded.
The orc priest shouts!
The orc priest mumbles some strange prayers to Beogh against you.
Pain shoots through your body!
Ouch! That really hurt!
You are too injured to fight recklessly!
Casting: Magic Dart (safe; 5% risk of failure)
Confirm with . or Enter, or press ? or * to list all spells.
Aiming: Magic Dart (safe; 5% risk of failure)
Press: ? - help, Shift-Dir - straight line, f/p - orc priest
Aim: an orc priest, wielding a +0 short sword (lightly wounded, 100% to hit)
The magic dart hits the orc priest.
The orc priest is moderately wounded.
The orc priest calls down the wrath of Beogh upon you.
Pain shoots through your body!
You die...

###.###.#.## .
#..........# .
#.#####.#.## #.
#.....# #o#
#.#####.#.## ?).
#.........#
#.##.#####.#.####.#
#..)...........#<#
#@.#####.#.##.#.#
.# #..# #.....#.#.#
.. ##..#
##.#.##.#.#
.##.#####.#.#
#..#.#.#.#
...(...#<##.#
##.....#.#
#..###.##
#........#
#.......#
#.##.#####
#.......# #.##.#
#..####.# #.##.#


You could see an orc priest.

Vanquished Creatures
  2 dart slugs
  A bat (D:2)
  3 endoplasms (D:2)
  A giant cockroach (D:1)
  2 goblins (D:2)
  2 hobgoblins
  4 kobolds
  A quokka (D:2)
  3 ball pythons
  5 frilled lizards
  2 rats (D:2)
26 creatures vanquished.

Notes
Turn   | Place    | Note
-------+----------+-------------------------------------------
     0 | D:1      | coolio the Deep Elf Hedge Wizard began the quest for the
                  | Orb.
     0 | D:1      | Reached XP level 1. HP: 10/10 MP: 7/7
   271 | D:1      | Found a faded altar of an unknown god.
   576 | D:1      | Reached XP level 2. HP: 15/15 MP: 7/9
   603 | D:1      | Learned a level 2 spell: Blink
  1763 | D:2      | Identified the +9 long sword of Hyicot {freeze, +Blink rF+}
  1838 | D:3      | Reached XP level 3. HP: 19/19 MP: 8/11
  1940 | D:3      | Killed from afar by an orc priest

Illustrated notes

Levels and vault maps discovered:
D:1:      matt_arrival_grand_opening, layout_loops_ring,
          hellmonk_ecumenical_altar_run_dry
D:2:      layout_loops_ring
D:3:      layout_loops_ring, ebering_ghost_sewer_d, st_stairs_13, uniq_natasha,
          uniq_ijyb, uniq_robin

Skill      XL: |  1  2 |
---------------+-------+-----
Conjurations   | 2 |  2.1
Translocations | 2 |  2.0
Dodging        | |  2.8
Stealth        | |  2.4
Spellcasting   | |  4.6
Summonings     | |  1.1

Action                     || total
---------------------------++-------
  Melee: Dagger            ||     1
   Cast: Magic Dart        ||    66
 Armour: Robe              ||     2
  Dodge: Dodged            ||     6
